Unix xNetHack Version 8.0.0 - last build Mar 23 2024 02:42:02 (1964348d4f5f1cf1067ea9968e02252fcc83c468). Game began 2024-04-01 18:02:58, ended 2024-04-01 18:16:40. Catomat, neutral female human Wizard ----- ---------- ------ |...| #.........| |.....# |...| %|........| ------ |....|# |.<..#####.........| |..... |....|# #-.-.- #---------- +..... ---.--# ###### ### |.....% # # # # ## |......| ############h######## # # ## |.....%.# @# # 0####0## # --------## # # -.-|-.- # # ## ### |.....| # # #### # |.....-## # ----|------ ###|.....| # |......>..| #-.....| # |.........| |.....| ##%#..........| ------- -----.----- # Catomat the Conjurer St:10 Dx:12 Co:14 In:18 Wi:11 Ch:11 Neutral S:407 Dlvl:3 $:21 HP:0(23) Pw:35(35) AC:7 Xp:3/59 T:834 Latest messages: The jackal just misses! In what direction? The spell misses the jackal. The jackal bites! In what direction? The spell hits the jackal! You kill the jackal! Double rush prefix, canceled. The large kobold punches you! In what direction? The spell hits the large kobold! You kill the large kobold! You see here an acid blob corpse. You hear the chime of a cash register. The door opens. The door opens. You try to move the boulder, but in vain. You hear someone counting gold coins. You hear the footsteps of a guard on patrol. You see here a spear. Unix xNetHack Version 8.0.0 - last build Mar 23 2024 02:42:02 (1964348d4f5f1cf1067ea9968e02252fcc83c468). Please move the cursor to an unknown object. (For instructions type a '?') Done. You find a sleeping gas trap. In what direction? The spell hits the giant bat! The giant bat bites! In what direction? The spell misses the giant bat. The giant bat bites! The giant bat bites! In what direction? The spell hits the giant bat! You kill the giant bat! You see here a giant bat corpse. $ - 5 gold pieces {0} (21 in total). You descend the stairs. You climb up the stairs. You hear the chime of a cash register. The door opens. The hobbit thrusts her spear. The hobbit pierces you! You whack the hobbit! The hobbit thrusts her spear. The hobbit pierces you! You die... Do you want your possessions identified? [ynq] (y) Do you want to see your attributes? [ynq] (y) Do you want an account of creatures vanquished? [ynaq] (y) Inventory: Inventory: 392/650 weight (15/52 slots) Coins $ - 21 gold pieces {1} Amulets h - an uncursed mithril amulet of guarding (being worn) {14} Weapons a - a blessed +1 quarterstaff (weapon in hands) {40} Armor b - an uncursed +0 cloak of magic resistance (being worn) {8} Comestibles q - an uncursed tripe ration {10} i - 3 uncursed lichen corpses {60} Scrolls p - an uncursed scroll of confuse monster {5} n - an uncursed scroll of light {5} Spellbooks c - a blessed spellbook of force bolt {35} j - an uncursed spellbook of force bolt {35} e - an uncursed spellbook of haste self {45} d - a blessed spellbook of magic missile {40} f - an uncursed spellbook of slow monster {35} Potions l - an uncursed potion of confusion {20} o - an uncursed potion of extra healing {20} g - an uncursed potion of invisibility {20} Catomat the Wizard's attributes: Background: You were a Conjurer, a level 3 female human Wizard. You were neutral, on a mission for Thoth who was opposed by Ptah (lawful) and Anhur (chaotic). You were heterosexual. You were in the Dungeons of Doom, on level 3. You entered the dungeon 834 turns ago. You had 59 experience points, 21 more were needed to attain level 4. Your score was 407 before end-of-game adjustments. Basics: You had 0 out of 23 hit points. You had all 35 energy points (spell power). Your armor class was 7. Your wallet contained 21 zorkmids. Autopickup was on for '$"?!=/' plus thrown. Final Characteristics: Your strength was 10 (limit:18/100). Your dexterity was 12 (limit:18). Your constitution was 14 (limit:18). Your intelligence was 18 (limit:18). Your wisdom was 11 (limit:18). Your charisma was 11 (limit:18). Final Status: You were not hungry. You were unencumbered. You were wielding a quarterstaff. You had basic skill with quarterstaff. Final Attributes: You were fervently aligned. You were magic-protected. You had a small defense bonus (+2). You were protected. You are dead. Miscellaneous: You never encountered a bones level. Total elapsed playing time was 13 minutes and 40 seconds. Major events: Turn 1: Catomat the neutral female human Wizard entered the dungeon 666: attained the rank of Conjurer (level 3) 813: entered the Gnomish Mines 834: killed by a hobbit Vanquished creatures: a giant bat an acid blob a large kobold 2 geckos 3 jackals a fox a kobold 3 grid bugs 4 lichens a kobold zombie 4 newts 22 creatures vanquished. No species were genocided or became extinct. Voluntary challenges: You were illiterate. You never genocided any monsters. You never polymorphed an object. You never changed form. You never touched an artifact. You used no wishes. You never scared an enemy with impunity. You were celibate. You never generated conflict. Achievements: You attained the rank of Conjurer. You entered the Gnomish Mines. Dungeon overview: The Dungeons of Doom: levels 1 to 3 Level 1: "vault" An altar to Thoth. Level 2: Some fountains. Level 3: <- You were here. Stairs down to The Gnomish Mines. Final resting place for you, killed by a hobbit. The Gnomish Mines: Level 4: Game over: __________ / \ / REST \ / IN \ / PEACE \ / \ | Catomat | | 21 Au | | killed by a | | hobbit | | | | | | 2024 | *| * * * | * _________)/\\_//(\/(/\)/\//\/|_)_______ Goodbye Catomat the Wizard... You died in The Dungeons of Doom on dungeon level 3 with 405 points, and 21 pieces of gold, after 834 moves. You were level 3 with a maximum of 23 hit points when you died.